[Event "Team 45 45 League T44"]
[Site "Internet Chess Club"]
[Date "2010.03.15"]
[Round "6"]
[White "smitty120"]
[Black "QueensCounselor"]
[Result "1-0"]
[WhiteElo "1957"]
[BlackElo "2070"]
[Opening "Sicilian: dragon, 6.Be3"]
[ECO "B72"]
[Time "13:00:30"]
[TimeControl "2700+45"]

1. e4 c5 2. Nf3 d6 3. d4 cxd4 4. Nxd4 Nf6 5. Nc3 g6 6. Be3 Bg7 7. Bc4 O-O 8. Qd2
Ng4 9. Bg5 h6 10. Bh4 g5 11. Bg3 Qb6 12. Nb3 Qc7 13. Be2 Bxc3 14. bxc3 Nc6 15.
f4 Nf6 16. Bd3 g4 17. h3 Rd8 18. O-O-O d5 19. e5 Nh5 20. hxg4 Nxg3 21. Rxh6 Ne4
22. Rdh1 Nxe5 23. fxe5 Qxe5 24. Rh8+ {Black resigns} 1-0

[Event "Team 45 45 League T44"]
[Site "Internet Chess Club"]
[Date "2010.03.14"]
[Round "6"]
[White "upsan"]
[Black "ddlj81"]
[Result "1-0"]
[WhiteElo "1834"]
[BlackElo "1811"]
[Opening "Scotch game"]
[ECO "C45"]
[Time "21:00:19"]
[TimeControl "2700+45"]

1. e4 e5 2. Nf3 Nc6 3. d4 exd4 4. Nxd4 Bc5 5. Nxc6 Qf6 6. Qd2 Qxc6 7. Bd3 Nf6 8.
O-O O-O 9. b4 Bd4 10. c3 Bb6 11. c4 d6 12. Nc3 Bd4 13. Bb2 Bxc3 14. Qxc3 Be6 15.
a4 a6 16. Rfe1 Qb6 17. Re3 Nh5 18. Be2 f6 19. Bxh5 a5 20. b5 Qc5 21. Be2 b6 22.
e5 Qb4 23. exd6 Qxc3 24. Bxc3 Rfe8 25. dxc7 Rac8 26. Bf3 Bxc4 27. Rxe8+ Rxe8 28.
Bb7 Bb3 29. c8=Q Rxc8 30. Bxc8 {Black resigns} 1-0

[Event "Team 45 45 League T44"]
[Site "Internet Chess Club"]
[Date "2010.03.13"]
[Round "6"]
[White "Karpyan"]
[Black "justice02"]
[Result "0-1"]
[WhiteElo "1838"]
[BlackElo "1735"]
[Opening "Dutch with c4 & Nc3"]
[ECO "A85"]
[Time "10:11:23"]
[TimeControl "2700+45"]

1. d4 f5 2. c4 Nf6 3. Nc3 g6 4. g3 Bg7 5. Bg2 O-O 6. Nf3 c6 7. O-O d5 8. b3 Nbd7
9. Ng5 Nb8 10. Bb2 Ne4 11. Nh3 Qa5 12. Nxe4 fxe4 13. f3 exf3 14. exf3 Na6 15.
Qe2 Qb6 16. Rad1 dxc4 17. Qxc4+ Kh8 18. Ng5 Bf6 19. Ne4 Bg7 20. Nc5 Qb4 21. Nxa6
Qxc4 22. bxc4 bxa6 23. f4 Rb8 24. Ba3 Be6 25. d5 cxd5 26. cxd5 Bg4 27. Rde1 Rf7
28. Rxe7 Rxe7 29. Bxe7 Rb2 30. h3 Be2 31. Rc1 Bd4+ 32. Kh2 Bf3 {White resigns}
0-1

[Event "Team 45 45 League T44"]
[Site "Internet Chess Club"]
[Date "2010.03.15"]
[Round "6"]
[White "Duguesclin"]
[Black "Yedixon"]
[Result "1-0"]
[WhiteElo "1695"]
[BlackElo "1730"]
[Opening "QGD: Chigorin defense"]
[ECO "D07"]
[Time "14:46:52"]
[TimeControl "2700+45"]

1. d4 d5 2. c4 Nc6 3. Nf3 Bg4 4. e3 e5 5. cxd5 Qxd5 6. Be2 O-O-O 7. Nc3 Bb4 8.
O-O Qa5 9. Ng5 Bxe2 10. Qxe2 Nh6 11. dxe5 Qxe5 12. f4 Qf6 13. Nce4 Qg6 14. g4 f6
15. f5 Qf7 16. Nxf7 {Black resigns} 1-0

[Event "Team 45 45 League T44"]
[Site "Internet Chess Club"]
[Date "2010.03.15"]
[Round "6"]
[White "randallsr"]
[Black "Lionskins"]
[Result "1-0"]
[WhiteElo "1772"]
[BlackElo "1631"]
[Opening "Réti opening"]
[ECO "A30"]
[Time "13:01:36"]
[TimeControl "2700+45"]

1. Nf3 c5 2. c4 Nc6 3. b3 e6 4. Bb2 h6 5. g3 Nf6 6. Bg2 Qc7 7. d4 cxd4 8. Nxd4
Qa5+ 9. Bc3 Bb4 10. Qd2 Bxc3 11. Nxc3 O-O 12. O-O d5 13. cxd5 exd5 14. Rfd1 Nxd4
15. Qxd4 Be6 16. a4 Rfd8 17. Nb5 Rd7 18. Rdc1 a6 19. Nc3 Rc8 20. Na2 Rdc7 21.
Qd1 Qb6 22. Rxc7 Rxc7 23. Rc1 Rxc1 24. Nxc1 d4 25. h4 Ng4 26. Bf3 Ne5 27. Be4
Qb4 28. Bc2 b5 29. axb5 axb5 30. Nd3 Nxd3 31. Qxd3 Qe1+ 32. Kg2 Bd5+ 33. f3 Qb4
34. e3 Qc3 35. Qxc3 dxc3 36. Kf2 Kf8 37. e4 Be6 38. Ke3 Ke7 39. Kd4 Kd6 40. Kxc3
Kc5 41. b4+ Kd6 42. Bd3 Bd7 43. Kd4 f6 44. f4 Bc6 45. Be2 g6 46. Bf3 Kc7 47. Bd1
Kd6 48. Bb3 g5 49. hxg5 hxg5 50. fxg5 fxg5 51. e5+ Kc7 52. Kc5 Be8 53. Bc2 Bd7
54. Bd3 {Black resigns} 1-0

[Event "Team 45 45 League T44"]
[Site "Internet Chess Club"]
[Date "2010.03.11"]
[Round "6"]
[White "PJ"]
[Black "Camalleo"]
[Result "0-1"]
[WhiteElo "1782"]
[BlackElo "1874"]
[Opening "Sicilian: closed"]
[ECO "B23"]
[Time "10:00:31"]
[TimeControl "2700+45"]

1. e4 c5 2. Nc3 e6 3. g3 a6 4. Bg2 Nc6 5. d3 Nf6 6. Nf3 Qc7 7. O-O Be7 8. Be3
O-O 9. d4 cxd4 10. Nxd4 d6 11. Nxc6 bxc6 12. b3 a5 13. Na4 Rb8 14. c4 e5 15. Rc1
Be6 16. Qd3 Ng4 17. f3 Nxe3 18. Qxe3 g6 19. f4 exf4 20. gxf4 Bf6 21. Nc3 c5 22.
Qd3 Bd4+ 23. Kh1 Bd7 24. Nd5 Qd8 25. Rce1 Kg7 26. f5 Qh4 27. Qg3 Qxg3 28. hxg3
a4 29. Bh3 f6 30. Rf3 axb3 31. axb3 g5 32. Nc7 h5 33. Bg2 Rh8 34. Rd1 g4 35.
Rfd3 h4 36. Rxd4 cxd4 37. gxh4 Rxh4+ 38. Kg1 Rb7 39. Nd5 Rxb3 40. Nf4 g3 41. Ng6
Rh2 42. Ra1 d3 {White resigns} 0-1

[Event "Team 45 45 League T44"]
[Site "Internet Chess Club"]
[Date "2010.03.14"]
[Round "6"]
[White "Oblique"]
[Black "room-matt"]
[Result "1/2-1/2"]
[WhiteElo "1688"]
[BlackElo "1743"]
[Opening "QGD: Albin counter-gambit, 5.g3"]
[ECO "D09"]
[Time "10:04:31"]
[TimeControl "2700+45"]

1. d4 d5 2. c4 e5 3. dxe5 d4 4. Nf3 Nc6 5. g3 Be6 6. Nbd2 Qd7 7. Bg2 O-O-O 8. a3
d3 9. O-O dxe2 10. Qxe2 Qd3 11. Qxd3 Rxd3 12. Ne1 Rd7 13. f4 Nh6 14. b4 Nd4 15.
Nef3 Nhf5 16. Rf2 Nc2 17. Ra2 Nce3 18. Ng5 Bxc4 19. Nxc4 Nxc4 20. Bh3 g6 21.
Bxf5 gxf5 22. Rac2 b5 23. Rfe2 h6 24. Nf3 Be7 25. Kg2 h5 26. e6 fxe6 27. Ne5
Nxe5 28. Rxe5 Rh6 29. Rxb5 h4 30. Re5 Bd6 31. Re3 Rdh7 32. Rce2 Kd7 33. Bb2 hxg3
34. hxg3 Rh2+ 35. Kf3 Rxe2 36. Rxe2 Rh1 37. b5 Rf1+ 38. Kg2 Rd1 39. a4 Rd3 40.
Bc1 Rc3 41. Be3 Bc5 42. Bxc5 Rxc5 43. Re3 Rc2+ 44. Kf3 Ke7 45. Rb3 Kf6 46. a5
Ra2 47. b6 axb6 48. axb6 cxb6 49. Rxb6 {Game drawn by mutual agreement} 1/2-1/2

[Event "Team 45 45 League T44"]
[Site "Internet Chess Club"]
[Date "2010.03.21"]
[Round "6"]
[White "Kurukshetra"]
[Black "g8wrb"]
[Result "1-0"]
[WhiteElo "1712"]
[BlackElo "1628"]
[Opening "French: King's Indian attack"]
[ECO "C00"]
[Time "06:00:19"]
[TimeControl "2700+45"]

1. e4 e6 2. d3 d5 3. Nd2 Nf6 4. e5 Nfd7 5. d4 c5 6. c3 Nc6 7. Ngf3 Qb6 8. Nb3
Be7 9. Bg5 cxd4 10. Bxe7 Nxe7 11. cxd4 O-O 12. Rc1 f6 13. Qc2 Ng6 14. Bd3 f5 15.
O-O Nf4 16. Rfd1 Nxd3 17. Rxd3 h6 18. Rc3 Qd8 19. Qe2 b6 20. Rc7 a5 21. Qb5 a4
22. Nbd2 g5 23. Qc6 g4 24. Qxa8 gxf3 25. Rxc8 Qg5 26. Nxf3 Qxc1+ 27. Rxc1 Rxa8
28. Rc7 Rd8 29. Ne1 Kf8 30. Nd3 Ke8 31. Kf1 Rb8 32. Ke2 Kd8 33. Rc6 Ke7 34. Nf4
Nf8 35. Kd2 b5 36. Nh5 b4 37. Nf6 b3 38. a3 Kf7 39. h4 Rd8 40. Kc3 Rb8 41. h5
Ke7 42. f4 Kd8 43. g4 Nd7 44. Nxd7 Kxd7 45. Rd6+ Ke7 46. gxf5 exf5 47. Rxh6 Kf7
48. Rd6 Rb5 49. Rf6+ Kg7 50. Rxf5 Rb6 51. Rg5+ Kh6 52. Rg6+ Rxg6 53. hxg6 Kxg6
54. Kb4 Kf5 55. Kc5 Ke4 56. e6 {Black resigns} 1-0

[Event "Team 45 45 League T44"]
[Site "Internet Chess Club"]
[Date "2010.03.14"]
[Round "6"]
[White "AtomicDog"]
[Black "Konstantinos"]
[Result "0-1"]
[WhiteElo "1369"]
[BlackElo "1723"]
[Opening "Sicilian: Labourdonnais-Löwenthal (Kalashnikov) variation"]
[ECO "B32"]
[Time "08:01:26"]
[TimeControl "2700+45"]

1. e4 c5 2. Nf3 Nc6 3. d4 cxd4 4. Nxd4 e5 5. Nb5 d6 6. N1c3 a6 7. Na3 h6 8. Nd5
Nf6 9. c4 Nxd5 10. cxd5 Na7 11. h4 Be7 12. g3 O-O 13. f3 Bd7 14. Be3 f5 15. Bd3
fxe4 16. Bxe4 Nb5 17. Nxb5 Bxb5 18. Bd3 Bxd3 19. Qxd3 Rxf3 20. Rg1 Qa5+ 21. Qd2
Rxe3+ {White resigns} 0-1

[Event "Team 45 45 League T44"]
[Site "Internet Chess Club"]
[Date "2010.03.12"]
[Round "6"]
[White "ferrari9182"]
[Black "Colombiano07"]
[Result "0-1"]
[WhiteElo "2053"]
[BlackElo "2134"]
[Opening "Sicilian: closed"]
[ECO "B25"]
[Time "10:10:24"]
[TimeControl "2700+45"]

1. e4 c5 2. Nc3 Nc6 3. g3 g6 4. Bg2 Bg7 5. d3 d6 6. Nge2 Nf6 7. O-O O-O 8. f4
Rb8 9. h3 Bd7 10. g4 b5 11. g5 Ne8 12. f5 Nc7 13. Nf4 b4 14. Ncd5 Nxd5 15. Nxd5
e6 16. f6 exd5 17. fxg7 Kxg7 18. exd5 Nd4 19. Bf4 Re8 20. Kh2 Ne2 21. Qd2 Nxf4
22. Qxf4 Bf5 23. Be4 Re5 24. Rae1 Rb7 25. Qh4 Bxe4 26. dxe4 Qxg5 27. Qxg5 Rxg5
28. Rf4 Re7 29. Re3 Rxd5 30. Rd3 Rde5 31. Rxd6 Rxe4 32. Rf2 Re2 33. Kg2 R7e3 34.
Rc6 Rxf2+ 35. Kxf2 Rxh3 36. Rxc5 Rh5 37. Rc7 Ra5 38. Rc4 Ra4 39. a3 a5 40. c3
bxa3 {White resigns} 0-1

[Event "Team 45 45 League T44"]
[Site "Internet Chess Club"]
[Date "2010.03.15"]
[Round "6"]
[White "monsterpawn"]
[Black "CaoCao"]
[Result "1-0"]
[WhiteElo "1991"]
[BlackElo "1951"]
[Opening "Queen's pawn: Franco-Indian (Keres) defense"]
[ECO "A40"]
[Time "20:08:45"]
[TimeControl "2700+45"]

1. d4 e6 2. c4 Bb4+ 3. Nc3 f5 4. Nf3 Bxc3+ 5. bxc3 Nf6 6. Bg5 d6 7. Qc2 h6 8.
Bh4 O-O 9. e3 Qe7 10. Bd3 Nbd7 11. O-O b6 12. e4 g5 13. exf5 gxh4 14. Nxh4 e5
15. Ng6 Qg7 16. Nxf8 Kxf8 17. Rae1 Bb7 18. f3 Re8 19. Qd2 Nh5 20. Be4 Bxe4 21.
Rxe4 Nf4 22. g3 Nf6 23. Ree1 Qg5 24. Kh1 N4h5 25. Qc2 Ng7 26. f4 exf4 27. Rxe8+
Ngxe8 28. Rxf4 Nh5 29. Rf1 Qe3 30. Qc1 Qxc1 31. Rxc1 Nef6 32. Kg2 Ng7 33. Rf1
Kf7 34. Rf4 d5 35. c5 b5 36. Kf3 c6 37. g4 Nge8 38. h4 Nh7 39. Kg3 Nef6 40. Rf1
Ne4+ 41. Kf4 Nxc3 42. g5 hxg5+ 43. hxg5 Nf8 44. Re1 Ne4 45. Rh1 Nc3 46. Rh6 Nxa2
47. Rxc6 a5 48. Rc7+ Kg8 49. c6 Nb4 50. Rg7+ Kxg7 51. c7 Nd3+ 52. Ke3 {Black
resigns} 1-0

[Event "Team 45 45 League T44"]
[Site "Internet Chess Club"]
[Date "2010.03.16"]
[Round "6"]
[White "primerpaso"]
[Black "badmove"]
[Result "1-0"]
[WhiteElo "1880"]
[BlackElo "1731"]
[Opening "English: Bremen, reverse dragon"]
[ECO "A22"]
[Time "16:00:09"]
[TimeControl "2700+45"]

1. c4 e5 2. Nc3 Nf6 3. g3 d5 4. cxd5 Nxd5 5. Bg2 Nb6 6. Nf3 Nc6 7. O-O Be7 8. d3
g5 9. Na4 h5 10. Be3 g4 11. Nd2 Nd4 12. Nxb6 axb6 13. Nc4 f6 14. a3 c6 15. Rc1
h4 16. Bxd4 exd4 17. Qb3 Ra6 18. e4 dxe3 19. Nxe3 Ra5 20. Qd1 hxg3 21. hxg3 Rg5
22. Re1 Kf7 23. Rc4 Be6 24. Re4 Re8 25. Nxg4 Bxg4 26. Rxg4 Rxg4 27. Qxg4 Qxd3
28. Bf1 Qd6 29. Bc4+ {Black resigns} 1-0

[Event "Team 45 45 League T44"]
[Site "Internet Chess Club"]
[Date "2010.03.12"]
[Round "6"]
[White "theophilus"]
[Black "Erle"]
[Result "1-0"]
[WhiteElo "2172"]
[BlackElo "1870"]
[Opening "Dutch"]
[ECO "A80"]
[Time "14:00:25"]
[TimeControl "2700+45"]

1. d4 f5 2. Nc3 Nf6 3. Bg5 d5 4. Bxf6 exf6 5. e3 Be6 6. Qf3 Qd7 7. Bb5 Nc6 8.
Nge2 g6 9. Nf4 O-O-O 10. a3 Bf7 11. Nd3 Be7 12. Nb4 Bxb4 13. axb4 Kb8 14. O-O h5
15. Ra2 a6 16. Bxc6 Qxc6 17. Rfa1 Kc8 18. Ra5 Be6 19. Rc5 Qd7 20. Nb5 c6 21. Qg3
Qe7 22. Na7+ Kd7 23. Nxc6 bxc6 24. Rxa6 Ra8 25. Rcxc6 Rxa6 26. Rxa6 Kd8 27. Qb8+
Bc8 28. Rd6+ Ke8 29. Qxc8+ Kf7 30. Qc6 Kf8 31. Rxf6+ Kg7 32. Rxg6+ Kh7 33. Rh6+
Kg7 34. Qg6+ {Black resigns} 1-0

[Event "Team 45 45 League T44"]
[Site "Internet Chess Club"]
[Date "2010.03.11"]
[Round "6"]
[White "la8pv"]
[Black "koni"]
[Result "1-0"]
[WhiteElo "1763"]
[BlackElo "1998"]
[Opening "Bird's opening"]
[ECO "A02"]
[Time "12:01:20"]
[TimeControl "2700+45"]

1. f4 g6 2. Nf3 Bg7 3. e3 d5 4. d4 Nf6 5. Be2 O-O 6. O-O Ne4 7. Nbd2 Nd7 8. c4
Ndf6 9. cxd5 Qxd5 10. Bc4 Qd6 11. Nxe4 Nxe4 12. Qd3 Bf5 13. Nh4 Ng3 14. Nxf5
Nxf5 15. b3 c5 16. Ba3 b6 17. Rad1 Qc7 18. dxc5 Rad8 19. Qe2 bxc5 20. g4 Nxe3
21. Qxe3 Bd4 22. Rxd4 cxd4 23. Qxe7 Qb6 24. Bc5 Qa5 25. b4 Qa3 26. Bxf7+ Kg7 27.
Bxg6+ Kxg6 28. f5+ Kh6 29. g5+ Kh5 30. Qxh7+ Kg4 31. h3+ Kg3 32. Qc7+ Kxh3 33.
Qh2+ Kg4 34. Rf4+ Kxg5 35. Qh4# {Black checkmated} 1-0

[Event "Team 45 45 League T44"]
[Site "Internet Chess Club"]
[Date "2010.03.13"]
[Round "6"]
[White "poni"]
[Black "EBK"]
[Result "1-0"]
[WhiteElo "1971"]
[BlackElo "1783"]
[Opening "English: symmetrical, four knights system"]
[ECO "A30"]
[Time "13:00:14"]
[TimeControl "2700+45"]

1. Nf3 Nf6 2. c4 c5 3. Nc3 Nc6 4. g3 e6 5. Bg2 Be7 6. O-O O-O 7. d4 cxd4 8. Nxd4
Bc5 9. Ndb5 Ne8 10. Ne4 Be7 11. c5 Qa5 12. Nbd6 f5 13. Bd2 Qd8 14. Nxe8 Qxe8 15.
Nd6 Qg6 16. Bc3 Rb8 17. b4 Nd8 18. Nxc8 Rxc8 19. Qxd7 Nc6 20. Bxc6 bxc6 21. Qxe7
Rce8 22. Qd6 f4 23. Rad1 h5 24. Be5 h4 25. Bxf4 h3 26. Qxc6 Rxf4 27. b5 Ref8 28.
b6 axb6 29. cxb6 R4f6 30. b7 e5 31. Qc4+ Kh7 32. Qh4+ Kg8 33. Qxh3 Qf7 34. Qd7
Qxa2 35. Qd5+ Qxd5 36. Rxd5 Rb6 37. Rxe5 Rxb7 38. e4 Rf3 39. Kg2 Rc3 40. Rd5 Rb2
41. Rdd1 Rcc2 42. Rde1 Kf7 43. e5 Ke6 44. Kf3 Ra2 45. Re3 Rab2 46. h4 Ra2 47. g4
Rab2 48. h5 Ra2 49. Kg3 Rd2 50. f4 Rh2 51. f5+ Kf7 52. Kf4 Rab2 53. Kg5 Rb5 54.
Ra1 {Black resigns} 1-0

[Event "Team 45 45 League T44"]
[Site "Internet Chess Club"]
[Date "2010.03.15"]
[Round "6"]
[White "saata"]
[Black "SneakyRed"]
[Result "0-1"]
[WhiteElo "1412"]
[BlackElo "1879"]
[Opening "QGD Slav: 3.Nf3"]
[ECO "D11"]
[Time "10:01:00"]
[TimeControl "2700+45"]

1. d4 d5 2. c4 c6 3. Nf3 Nf6 4. g3 Bf5 5. Bg2 e6 6. Bf4 Nh5 7. Bg5 Qb6 8. b3 h6
9. Bd2 Nd7 10. h3 Nhf6 11. Nc3 dxc4 12. bxc4 Be7 13. O-O Qa6 14. Qb3 Nb6 15. Ne5
O-O 16. e4 Bh7 17. Rab1 Rfd8 18. Be3 Rab8 19. Rfd1 Nfd7 20. Nxd7 Rxd7 21. c5 Na8
22. Bf4 Rbd8 23. Bf1 b5 24. cxb6 Qxb6 25. Qxb6 axb6 26. Be3 b5 27. a4 bxa4 28.
Nxa4 Bxe4 29. Rbc1 e5 30. Be2 exd4 31. Bf4 g5 32. Be5 f6 33. f3 Bg6 34. Bxf6
Bxf6 35. Rxc6 Rd6 36. Rc4 Nb6 37. Nxb6 Rxb6 38. Kf2 Rb2 39. Ke1 d3 40. Bf1 Re8+
{White resigns} 0-1

[Event "Team 45 45 League T44"]
[Site "Internet Chess Club"]
[Date "2010.03.17"]
[Round "6"]
[White "Vaigpertu"]
[Black "Uwak"]
[Result "0-1"]
[WhiteElo "2272"]
[BlackElo "2421"]
[Opening "Benkö gambit"]
[ECO "A57"]
[Time "10:30:52"]
[TimeControl "2700+45"]

1. d4 Nf6 2. c4 c5 3. d5 b5 4. Qc2 bxc4 5. Nc3 e6 6. e4 exd5 7. e5 Bb7 8. exf6
Qxf6 9. Nf3 h6 10. Qe2+ Be7 11. Qe5 Qxe5+ 12. Nxe5 d6 13. Nf3 Bc6 14. Bf4 d4 15.
Ne2 g5 16. Bg3 f5 17. h4 f4 18. Bh2 d3 19. Nc3 Nd7 20. Nd2 d5 21. O-O-O Rb8 22.
hxg5 hxg5 23. Bxf4 Rxh1 {White resigns} 0-1

[Event "Team 45 45 League T44"]
[Site "Internet Chess Club"]
[Date "2010.03.15"]
[Round "6"]
[White "lluisdp"]
[Black "spacecadet"]
[Result "1-0"]
[WhiteElo "2069"]
[BlackElo "2156"]
[Opening "King's Indian: London system"]
[ECO "A48"]
[Time "15:03:30"]
[TimeControl "2700+45"]

1. d4 Nf6 2. Nf3 g6 3. Bf4 Bg7 4. e3 d5 5. c4 c6 6. h3 O-O 7. Qb3 a6 8. Nc3 b5
9. cxd5 cxd5 10. Ne5 Be6 11. Be2 Nfd7 12. Nd3 Nc6 13. Bf3 Nb6 14. O-O Nc4 15.
Qd1 Rc8 16. b3 Nb6 17. Nc5 Nd7 18. Nxe6 fxe6 19. Qd2 Rxf4 20. exf4 Nxd4 21. Rac1
Nxf3+ 22. gxf3 Nf6 23. Ne2 Rxc1 24. Rxc1 Qd6 25. Nd4 Nh5 26. Rc6 Qd7 27. Rxa6 e5
28. Ne6 Bh6 29. Ra8+ Kf7 30. f5 Nf4 31. Rd8 Nxe6 32. fxe6+ Kxe6 33. Rxd7 Bxd2
34. Ra7 b4 35. a4 bxa3 36. Rxa3 Kf5 37. Kf1 e4 38. fxe4+ Kxe4 39. Ke2 Bc3 40. b4
d4 41. b5 Kd5 42. Kd3 e5 43. f3 Kc5 44. Ra7 Kxb5 45. Rxh7 Kc5 46. Rg7 Kd5 47.
Rxg6 Be1 48. Rg4 Ke6 49. Ke4 Kf6 50. h4 {Black resigns} 1-0

[Event "Team 45 45 League T44"]
[Site "Internet Chess Club"]
[Date "2010.03.15"]
[Round "6"]
[White "obientag"]
[Black "PopolVuh"]
[Result "0-1"]
[WhiteElo "1764"]
[BlackElo "1933"]
[Opening "Old Benoni defense"]
[ECO "A46"]
[Time "14:34:07"]
[TimeControl "2700+45"]

1. Nf3 Nf6 2. d4 c5 3. d5 d6 4. c4 g6 5. b3 Nxd5 6. Qxd5 Bg7 7. Ng5 e6 8. Qf3
Qf6 9. Ne4 Qxf3 10. Nxd6+ Kd7 11. exf3 Kxd6 12. Be2 Bxa1 13. O-O Nc6 14. Na3 Bf6
15. Nb5+ Kd7 16. g4 a6 17. Rd1+ Nd4 18. Nxd4 Bxd4 19. b4 b6 20. f4 Bb7 21. Bb2
Ke7 22. Bxd4 cxd4 23. Rxd4 Rhd8 24. Rxd8 Rxd8 25. Kf1 Rd4 26. a4 Rxf4 27. h3 Kd6
28. Bd3 Be4 29. Be2 Bc2 30. b5 a5 {White resigns} 0-1

[Event "Team 45 45 League T44"]
[Site "Internet Chess Club"]
[Date "2010.03.17"]
[Round "6"]
[White "AugustoCaruso"]
[Black "Warren"]
[Result "1-0"]
[WhiteElo "2227"]
[BlackElo "2257"]
[Opening "Sicilian: closed, 2...Nc6"]
[ECO "B23"]
[Time "19:00:08"]
[TimeControl "2700+45"]

1. e4 c5 2. Nc3 Nc6 3. Bb5 Nd4 4. Bc4 e6 5. Nge2 Nf6 6. O-O a6 7. d3 b5 8. Bb3
Nxb3 9. axb3 Bb7 10. f4 d5 11. e5 d4 12. exf6 dxc3 13. f5 e5 14. bxc3 Qxf6 15.
Ng3 Qc6 16. Ne4 h5 17. Be3 O-O-O 18. c4 Be7 19. Qe1 h4 20. h3 Rd7 21. Qf2 Rc7
22. Ra5 Rh5 23. cxb5 axb5 24. c4 Qd7 25. Qf3 Qxd3 26. Qxh5 Bxe4 27. Bf2 Rd7 28.
Qxf7 Bb7 29. Rxb5 Qe2 30. Qe6 Qe4 31. Rxb7 Qxb7 32. Rd1 Kd8 33. Qg8+ Kc7 34.
Rxd7+ Kxd7 35. Qe6+ Kd8 36. Qxe5 Qxb3 37. Qd5+ Ke8 38. Qe4 Kf7 39. Qd5+ Ke8 40.
Bxc5 Qb1+ 41. Kh2 Qb8+ 42. Kh1 Bxc5 43. Qxc5 Qb1+ 44. Kh2 Qb8+ 45. Kg1 Qb1+ 46.
Kf2 Qc2+ 47. Kf3 Qd1+ 48. Kf2 Qd2+ 49. Kg1 Qc1+ 50. Kh2 Qf4+ 51. Kh1 Qf1+ 52.
Kh2 Qf4+ 53. Kg1 Qc1+ 54. Kf2 Qd2+ 55. Kf3 Qd1+ 56. Kf4 Qf1+ 57. Kg4 Qxg2+ 58.
Kxh4 Qe4+ 59. Kh5 Qf3+ 60. Kg6 Qg3+ 61. Kh7 Qxh3+ 62. Kg8 Kd7 63. Qd5+ Kc7 64.
c5 Qh4 65. c6 Kb6 66. Qd7 Qc4+ 67. Kf8 Qc5+ 68. Kxg7 Qe5+ 69. Kf7 Qh8 70. Qb7+
Kc5 71. Qe7+ Kd5 72. Qe6+ Kc5 73. Kg6 Kb6 74. f6 Qh4 75. f7 Qg3+ 76. Kf6 Qh4+
77. Kg7 Qg5+ 78. Qg6 Qe5+ 79. Kh7 Qe7 80. Kg8 {Black resigns} 1-0

[Event "Team 45 45 League T44"]
[Site "Internet Chess Club"]
[Date "2010.03.11"]
[Round "6"]
[White "jpitt"]
[Black "PandorasBox"]
[Result "1-0"]
[WhiteElo "2388"]
[BlackElo "2073"]
[Opening "Budapest: Fajarowicz variation"]
[ECO "A51"]
[Time "18:25:35"]
[TimeControl "2700+45"]

1. d4 Nf6 2. c4 e5 3. dxe5 Ne4 4. a3 Nc6 5. Nf3 a5 6. Qc2 Nc5 7. Nc3 d6 8. Bg5
Nd4 9. Nxd4 Qxg5 10. Ndb5 Qd8 11. Nd5 Ne6 12. exd6 Bxd6 13. Rd1 O-O 14. Ndxc7
Bxc7 15. Rxd8 Bxd8 16. e3 Bf6 17. Bd3 g6 18. O-O Bd7 19. Rd1 Bc6 20. Nc3 Rac8
21. Be4 Bxe4 22. Nxe4 Bg7 23. b4 axb4 24. axb4 Rc7 25. c5 Ra8 26. Nd6 h5 27. g3
Ng5 28. Kg2 Ne6 29. Nb5 Rcc8 30. Rd7 b6 31. Nd6 Rc6 32. Qe4 {Black resigns} 1-0

[Event "Team 45 45 League T44"]
[Site "Internet Chess Club"]
[Date "2010.03.12"]
[Round "6"]
[White "Gil-galad"]
[Black "blackswood"]
[Result "1-0"]
[WhiteElo "2126"]
[BlackElo "1975"]
[Opening "Benkö gambit"]
[ECO "A57"]
[Time "15:04:10"]
[TimeControl "2700+45"]

1. d4 Nf6 2. c4 c5 3. d5 b5 4. Qc2 Qa5+ 5. Bd2 b4 6. e4 d6 7. h3 g6 8. Nf3 Nbd7
9. Bd3 Bg7 10. O-O O-O 11. Bf4 Nh5 12. Bh2 b3 13. Qe2 Ne5 14. Nc3 bxa2 15. Rxa2
Nxf3+ 16. Qxf3 Qd8 17. Qe2 a6 18. e5 f5 19. exf6 Nxf6 20. Re1 Re8 21. Qc2 Rb8
22. Raa1 Qb6 23. Re2 Nd7 24. Bxg6 hxg6 25. Qxg6 Nf6 26. Rae1 e5 27. dxe6 Bb7 28.
e7 Rbc8 29. Bf4 Qc6 30. f3 d5 31. Re6 {Black resigns} 1-0

[Event "Team 45 45 League T44"]
[Site "Internet Chess Club"]
[Date "2010.03.14"]
[Round "6"]
[White "Monsoon-Smith"]
[Black "SlimeDog2"]
[Result "0-1"]
[WhiteElo "2049"]
[BlackElo "2152"]
[Opening "Petrov: Nimzovich attack"]
[ECO "C42"]
[Time "20:13:49"]
[TimeControl "2700+45"]

1. e4 e5 2. Nf3 Nf6 3. Nxe5 d6 4. Nf3 Nxe4 5. Nc3 Nxc3 6. dxc3 Be7 7. Be3 Nc6 8.
Qd2 O-O 9. O-O-O Ne5 10. Nd4 Bf6 11. h4 Re8 12. h5 h6 13. Be2 a5 14. Rdg1 Ng4
15. Bxg4 Bxg4 16. f3 a4 17. a3 Ra5 18. Kb1 Bxh5 19. g4 Bg6 20. f4 Be4 21. Rh3
Qd7 22. Qh2 c5 23. g5 Bxd4 24. cxd4 Bf5 25. Rhg3 hxg5 26. Bd2 Rb5 27. Rxg5 f6
28. Rh5 Kf7 29. Rh8 Rxh8 30. Qxh8 Bg6 31. Bc3 Qf5 32. Qh2 cxd4 33. Bxd4 Qe4 34.
Qf2 Rf5 35. Be3 Rd5 36. Re1 b5 37. Bc1 Qc4 38. Qa7+ Kg8 39. Qb8+ Kh7 40. Rh1+
Bh5 41. Qe8 Qc5 42. Qe4+ Kg8 43. Be3 Qc6 44. Qe6+ Bf7 45. Qg4 Qc4 46. Rg1 g6 47.
Qh3 Rd2 48. Qf5 Rh2 49. Rxg6+ Kf8 50. Qxf6 Qa2+ 51. Kc1 Qa1# {White checkmated}
0-1

[Event "Team 45 45 League T44"]
[Site "Internet Chess Club"]
[Date "2010.03.13"]
[Round "6"]
[White "Gregorio"]
[Black "fledermaus"]
[Result "1-0"]
[WhiteElo "2034"]
[BlackElo "1936"]
[Opening "English: ultra-symmetrical variation"]
[ECO "A36"]
[Time "10:07:21"]
[TimeControl "2700+45"]

1. c4 c5 2. g3 Nc6 3. Bg2 g6 4. Nc3 Bg7 5. d3 d6 6. h4 h6 7. Nh3 e5 8. Bd2 Bg4
9. f4 Nge7 10. Nf2 Be6 11. h5 Qd7 12. Qc1 exf4 13. hxg6 fxg6 14. Nfe4 Nf5 15.
Bxf4 g5 16. g4 gxf4 17. gxf5 Bxf5 18. Qxf4 Be5 19. Qh4 Qg7 20. Kd2 Kd7 21. Rag1
Qe7 22. Bh3 Nd4 23. Qxe7+ Kxe7 24. Nd5+ Kd7 25. Bxf5+ Nxf5 26. Rh5 Raf8 27. Rg6
Ne7 28. Nxe7 Kxe7 29. Nxc5 Bf4+ 30. e3 dxc5 31. exf4 Rxf4 32. Rgxh6 Rxh6 33.
Rxh6 Rf7 34. Kc3 Kd7 35. b4 b6 36. bxc5 bxc5 37. Ra6 Kd8 38. Kb3 Rb7+ 39. Kc3
Rh7 40. Kd2 Re7 41. Rc6 Re5 42. Ra6 Re7 43. Ra5 Rc7 44. Ke3 Kd7 45. Ke4 Kc6 46.
Ra6+ Kb7 47. Rd6 Rh7 48. Rf6 Rd7 49. a4 Rd4+ 50. Ke3 Rd7 51. a5 Kc7 52. Kd2 Kb7
53. Kc3 Kc7 54. Rf4 Rh7 55. Kb3 Rd7 56. Ka4 Rxd3 57. Kb5 Rd7 58. Rf5 Kd6 59.
Rd5+ Kc7 60. Rxd7+ Kxd7 61. Kxc5 Kc7 62. Kd5 Kd7 63. c5 Kc7 64. c6 Kc8 65. Kd6
{Black resigns} 1-0

[Event "Team 45 45 League T44"]
[Site "Internet Chess Club"]
[Date "2010.03.13"]
[Round "6"]
[White "baumhauer"]
[Black "Cristina"]
[Result "0-1"]
[WhiteElo "1903"]
[BlackElo "2079"]
[Opening "English: Kurajica defense"]
[ECO "A13"]
[Time "05:06:34"]
[TimeControl "2700+45"]

1. Nf3 d5 2. c4 e6 3. g3 c6 4. b3 Nf6 5. Bg2 Be7 6. O-O O-O 7. Bb2 a5 8. d3 a4
9. Nbd2 c5 10. Rc1 d4 11. b4 Nc6 12. bxc5 Bxc5 13. Rb1 h6 14. Ba1 Qc7 15. Rb5
Ra5 16. Rxc5 Rxc5 17. Nxd4 Nxd4 18. Bxd4 Ra5 19. Bc3 Ra6 20. Qa1 Qe7 21. Rb1 Rd8
22. Rb5 Ne8 23. Ne4 f6 24. Nc5 Ra7 25. Ne4 Bd7 26. Ba5 Bxb5 27. Bxd8 Qxd8 28.
cxb5 Qb6 29. Qc3 Nc7 30. Bh3 f5 31. Nc5 Qxb5 32. Qd4 Ra8 33. Qd6 Qc6 34. Nxb7
{White resigns} 0-1